 Dungeon Crawl Stone Soup version 0.28.0-43-g3370ac3207 (webtiles) character file.

Game seed: 1536620322120635447

96 Peloso the Covered (level 4, 0/41 HPs)
             Began as a Minotaur Fighter on Mar 27, 2022.
             Slain by an orc
             ... wielding a +0 club
              (3 damage)
             ... on level 3 of the Dungeon.
             The game lasted 00:02:56 (2072 turns).

Peloso the Covered (Minotaur Fighter)               Turns: 2072, Time: 00:02:56

Health: 0/41       AC:  9    Str: 21    XL:     4   Next: 41%
Magic:  3/3        EV:  7    Int:  5    God:
Gold:   73         SH:  5    Dex: 17    Spells: 3/3 levels left

rFire   . . .      SeeInvis .   a - +0 long sword
rCold   . . .      Faith    .   c - +0 buckler
rNeg    . . .      Spirit   .   o - +0 chain mail
rPois   .          Reflect  .   (helmet restricted)
rElec   .          Harm     .   (no cloak)
rCorr   .          Rampage  .   (no gloves)
Will    .....                   (no boots)
Stlth   ..........              (no amulet)
HPRegen 0.13/turn               e - +6 ring of dexterity
MPRegen 0.08/turn               (no ring)

@: no status effects
A: horns 2, retaliatory headbutt
a: no special abilities


You were on level 3 of the Dungeon.
You visited 1 branch of the dungeon, and saw 3 of its levels.

You collected 73 gold pieces.

Inventory:

Hand Weapons
 a - a +0 long sword (weapon)
Armour
 b - a +0 scale mail
 c - a +0 buckler (worn)
 o - a +0 chain mail (worn)
Jewellery
 e - a +6 ring of dexterity (left hand)
Scrolls
 f - a scroll of identify {unknown}
 g - a scroll of enchant armour {unknown}
 l - a scroll of fear {unknown}
 m - a scroll of holy word {unknown}
 n - a scroll of amnesia {unknown}
 p - a scroll of blinking {unknown}
Potions
 d - a potion of might
 i - a potion of lignification {unknown}
 j - 2 potions of brilliance
 k - a potion of curing {unknown}


   Skills:
 + Level 4.4 Fighting
 + Level 2.9 Long Blades
 + Level 5.0 Armour
 + Level 4.2 Shields


You had 3 spell levels left.
You didn't know any spells.
Your spell library contained the following spells:

 Spells                   Type           Power      Damage    Failure   Level
 Animate Skeleton         Necr           0%         N/A       99%         1
 Pain                     Necr           0%         1d4       99%         1
 Vampiric Draining        Necr           0%         2d6       100%        3


Dungeon Overview and Level Annotations

Branches:
Dungeon (3/15)

Altars:
Ashenzari
Xom


Innate Abilities, Weirdness & Mutations

You have a pair of horns on your head.
You reflexively headbutt those who attack you in melee.


Message History

Your Armour skill increases to level 5!
You hit the orc. Your headbutt misses the orc.
The orc is heavily wounded.
The bat hits you. The orc completely misses you.
The orc hits you with a +0 hand axe.
You hit the orc.
The orc is almost dead.
The bat hits you but does no damage. The orc completely misses you.
You hit the orc but do no damage.
The orc is almost dead.
You block the bat's attack. The orc hits you but does no damage.
The bat barely misses you. The orc barely misses you.
You closely miss the orc.
The orc is almost dead.
The bat barely misses you. The bat hits you but does no damage.
The orc hits you but does no damage.
You hit the orc but do no damage. Your headbutt misses the orc.
The orc is almost dead.
The bat hits you. The orc hits you but does no damage.
You closely miss the orc.
The orc is almost dead.
The bat hits you but does no damage. The orc barely misses you.
You barely miss the orc. You headbutt the orc, but do no damage.
The orc is almost dead.
The bat hits you but does no damage. The orc hits you with a +0 hand axe.
The bat hits you but does no damage.
The orc priest looks satisfied for a moment.
You hit the orc.
You kill the orc!
The bat barely misses you. x2
The orc priest calls down the wrath of Beogh upon you.
Pain shoots through your body! The bat hits you but does no damage.
You hit the orc.
The orc is heavily wounded.
The bat hits you.
The orc priest mumbles some strange prayers to Beogh against you.
Beogh smites you!
* * * LOW HITPOINT WARNING * * *
The orc hits you with a +0 club.
You die...

##............##.#
.................#
##.##...#..##.#..#
........#..##.#..####
##.##................
..##.....†##.#..####+
#.##......##.#.......
........##...####
##...........@o)+
.....<..##.b.##o#
.............##.#
###.....##......#
...........# .
...........
.#.....####.o#
.?..... o.... #.....
.###


You could see an orc priest, an orc and a bat.

Vanquished Creatures
  An orc wizard (D:3)
  Terence (D:2)
  An adder (D:2)
  A dart slug (D:1)
  2 orcs (D:3)
  3 ball pythons
  4 endoplasms
  3 goblins
  5 hobgoblins
  2 jackals (D:1)
  A kobold (D:2)
  5 bats
  3 frilled lizards
  3 rats
35 creatures vanquished.

Notes
Turn   | Place    | Note
-------+----------+-------------------------------------------
     0 | D:1      | Peloso the Minotaur Fighter began the quest for the Orb.
     0 | D:1      | Reached XP level 1. HP: 19/19 MP: 0/0
   235 | D:1      | Reached XP level 2. HP: 27/27 MP: 1/1
   541 | D:1      | Reached skill level 4 in Armour
  1219 | D:2      | Noticed Terence
  1222 | D:2      | Killed Terence
  1223 | D:2      | Reached XP level 3. HP: 23/34 MP: 2/2
  1410 | D:2      | Found a faded altar of an unknown god.
  1453 | D:2      | Found a broken altar of Ashenzari.
  1973 | D:3      | Found a shimmering altar of Xom.
  2021 | D:3      | Reached XP level 4. HP: 41/41 MP: 3/3
  2064 | D:3      | Reached skill level 5 in Armour
  2072 | D:3      | Slain by an orc

Illustrated notes

Levels and vault maps discovered:
D:1:      eino_arrival_tree_alley, layout_loops_corners
D:2:      layout_basic, basic_altar, shapermc_ecumenical_altar_venn,
          grunt_ministairs_12, supply_closet_lemuel, kennysheep_donut,
          lemuel_flame_loot_1, uniq_terence
D:3:      layout_basic, lemuel_round_altar, mainiacjoe_overflow_boulevard,
          xom_butterflies, serial_corexii_hall, chequers_hall_statues_wall_a,
          corexii_hall_statues_t, serial_shops, shop

Skill      XL: |  1  2  3  4 |
---------------+-------------+-----
Armour         | 4 5 |  5.0
Fighting       | 4 |  4.4
Shields        | 4 |  4.2
Long Blades    | |  2.9

Action                   |  1- 3 |  4- 6 || total
-------------------------+-------+-------++-------
Melee: Long sword        |    56 |    31 ||    87
       Headbutt          |     5 |     2 ||     7
  Use: Potion            |     2 |     1 ||     3
Armor: Scale mail        |    17 |       ||    17
       Chain mail        |    15 |    30 ||    45
Dodge: Dodged            |    31 |    11 ||    42
Block: Buckler           |    16 |     6 ||    22
